 Dungeon Sprint DCSS version 0.28.0-43-g3370ac3207 (webtiles) character file.

Game seed: 4692948940405704135

960 boopmooplesden the Fighter (level 7, -13/79 HPs)
             Began as a Minotaur Berserker on Mar 9, 2022.
             Was a Priest of Trog.
             Killed from afar by a lava snake (24 damage)
             ... with a glob of lava
             ... in the Dungeon (Sprint II: "The Violet Keep of Menkaure").
             The game lasted 00:00:31 (507 turns).

boopmooplesden the Fighter (Minotaur Berserker)      Turns: 507, Time: 00:00:32

Health: -13/79     AC:  2    Str: 24    XL:     7   Next: 92%
Magic:  6/6        EV: 13    Int:  4    God:    Trog [***...]
Gold:   486        SH:  0    Dex:  7    Spells: 6/6 levels left

rFire   . . .      SeeInvis .   a - +0 hand axe
rCold   . . .      Faith    .   (no shield)
rNeg    . . .      Spirit   .   b - +0 animal skin
rPois   .          Reflect  .   (helmet restricted)
rElec   .          Harm     .   (no cloak)
rCorr   .          Rampage  .   (no gloves)
Will    .....      NoTele   +   (no boots)
Stlth   +.........              (no amulet)
HPRegen 0.23/turn               (no ring)
MPRegen 0.10/turn               (no ring)

@: on berserk cooldown, slowed, very slow
A: horns 2, retaliatory headbutt, clumsy 1
a: Renounce Religion, Berserk, Trog's Hand


You were in the Dungeon.
You worshipped Trog.
Trog was most pleased with you.
You visited 1 branch You collected 486 gold pieces.

Inventory:

Hand Weapons
 a - a +0 hand axe (weapon)
Armour
 b - a +0 animal skin (worn)
Scrolls
 h - a scroll of blinking
Potions
 c - a potion of curing
 d - a potion of heal wounds
 e - a potion of haste
 f - 2 potions of magic
 g - a potion of berserk rage


   Skills:
 + Level 13.4 Fighting
 + Level 13.3 Axes
 + Level 7.2 Armour
 + Level 6.5 Dodging


You had 6 spell levels left.
You didn't know any spells.
Your spell library was empty.

Dungeon Overview and Level Annotations

Branches:
Dungeon (1/1)

Altars:


Innate Abilities, Weirdness & Mutations

You have a pair of horns on your head.
You reflexively headbutt those who attack you in melee.
You are clumsy. (Dex -2)


Message History

The neqoxec is almost dead.
The neqoxec hits you.
You hit the neqoxec. You headbutt the neqoxec.
You kill the neqoxec!
Trog accepts your kill.
Your Fighting skill increases to level 13!
Your Axes skill increases to level 13!
Your Armour skill increases to level 7!
A neqoxec comes into view.
Found 243 gold pieces.
You feel a strong urge to attack something.
The neqoxec shouts!
You hear an angry hiss.
You are no longer berserk.
You are exhausted.
You feel yourself slow down. The neqoxec misses you.
You hit the neqoxec but do no damage. The neqoxec hits you!
You slash the neqoxec!
The neqoxec is moderately wounded.
The neqoxec hits you but does no damage.
You hit the neqoxec.
The neqoxec is heavily wounded.
The neqoxec hits you!
You slash the neqoxec! Your headbutt misses the neqoxec.
The neqoxec is almost dead.
You are engulfed in blazing flames.
The neqoxec barely misses you.
You hit the neqoxec. Your headbutt misses the neqoxec.
The neqoxec is almost dead.
You are engulfed in blazing flames.
* * * LOW HITPOINT WARNING * * *
The neqoxec closely misses you. You furiously retaliate!
You headbutt the neqoxec!
You kill the neqoxec!
Trog accepts your kill.
A neqoxec and a lava snake come into view.
The neqoxec shouts!
The lava snake hisses angrily.
The neqoxec is engulfed in blazing flames.
The neqoxec gestures at you.
Something tries to feed on your intellect!
The lava snake spits lava at you. The glob of lava hits you!!
You die...

#...####
##'###.#
##.##..##
+.<.'##.+
##.##..##
##'###.#
##.######
#.##..#
##°@.#
##°##
§○≈≈
○'#+++
○○SS≈
≈≈°≈≈°
≈≈≈3≈≈§§
##≈≈☼○§§§


You could see a neqoxec and 2 lava snakes.

Vanquished Creatures
  A merfolk siren (D)
  3 neqoxecs (D)
  4 scorpions (D)
8 creatures vanquished.

Vanquished Creatures (others)
  A water moccasin (D)
1 creature vanquished.

Grand Total: 9 creatures vanquished

Notes
Turn   | Place    | Note
-------+----------+-------------------------------------------
     0 | D        | boopmooplesden the Minotaur Berserker began the quest for
                  | the Orb.
     0 | D        | Reached XP level 1. HP: 19/19 MP: 0/0
     1 | D        | Noticed a scorpion
     1 | D        | Noticed a scorpion
     1 | D        | Noticed a scorpion
     1 | D        | Noticed a scorpion
     5 | D        | Killed a scorpion
     6 | D        | Reached XP level 2. HP: 23/31 MP: 1/1
     6 | D        | Reached XP level 3. HP: 29/38 MP: 2/2
     6 | D        | Killed a scorpion
     7 | D        | Reached XP level 4. HP: 37/48 MP: 3/3
     7 | D        | Killed a scorpion
     7 | D        | Reached ** piety under Trog
     8 | D        | Reached XP level 5. HP: 44/57 MP: 4/4
     9 | D        | Reached skill level 5 in Armour
   148 | D        | Noticed a merfolk siren
   169 | D        | Killed a merfolk siren
   170 | D        | Reached skill level 5 in Dodging
   170 | D        | Reached XP level 6. HP: 8/70 MP: 5/5
   170 | D        | Reached XP level 7. HP: 9/77 MP: 6/6
   483 | D        | Noticed a neqoxec
   483 | D        | Noticed a neqoxec
   485 | D        | Gained mutation: You are clumsy. (Dex -2) [a neqoxec]
   493 | D        | Killed a neqoxec
   493 | D        | Reached *** piety under Trog
   498 | D        | Killed a neqoxec
   500 | D        | Noticed a neqoxec
   506 | D        | Killed a neqoxec
   507 | D        | Noticed a neqoxec
   507 | D        | Killed from afar by a lava snake

Illustrated notes

Levels and vault maps discovered:
D:        the_violet_keep_of_menkaure [sprint2_stairs_cluster_1,
          sprint2_shoproom, sprint2_temple, sprint2_basic_supplies,
          sprint2_obstacle_5, sprint2_obstacle_6, sprint2_obstacle_3,
          sprint2_obstacle_7, sprint2_obstacle_2, sprint2_timed_cluster_1,
          sprint2_smallroom_cluster_1, sprint2_smallroom_final_cluster_1,
          sprint2_transparent_cluster_1, sprint2_second_timed_cluster_1,
          sprint2_sniper_area_1, sprint2_heavy_combat_area_1,
          sprint2_mutation_trap_area_1, sprint2_forest_area_1,
          sprint2_light_combat_area_1, sprint2_behind_water_1,
          sprint2_near_end_vault_1]

Skill      XL: |  1  2  3  4  5  6  7 |
---------------+----------------------+-----
Fighting       | 6 8 9 12 13 | 13.4
Axes           | 6 7 9 12 13 | 13.3
Armour         | 3 4 6 7 |  7.2
Dodging        | 3 4 5 6 |  6.5

Action                   |  1- 3 |  4- 6 |  7- 9 || total
-------------------------+-------+-------+-------++-------
Melee: Hand axe          |     4 |    21 |    18 ||    43
       Headbutt          |     2 |     6 |     1 ||     9
Invok: Berserk           |     1 |       |     1 ||     2
Armor: Animal skin       |       |       |     1 ||     1
Dodge: Dodged            |       |       |     5 ||     5
